 Dungeon Crawl Stone Soup version 0.30-a0-364-gf6b3ef1049 (webtiles) character file.

Game seed: 7526110018490187431

494 Lobster4 the Shield-Bearer (level 7, -1/54 HPs)
             Began as a Human Fighter on Nov 15, 2022.
             Was an Initiate of the Shining One.
             Killed by divine providence
             ... invoked by an orc priest
              (10 damage)
             ... on level 5 of the Dungeon.
             The game lasted 00:13:16 (3687 turns).

Lobster4 the Shield-Bearer (Human Fighter)          Turns: 3687, Time: 00:13:17

Health: -1/54      AC:  6    Str: 18    XL:     7   Next: 38%
Magic:  7/7        EV: 12    Int:  9    God:    the Shining One [......]
Gold:   217        SH:  5    Dex: 12    Spells: 6/6 levels left

rFire   + . .      SeeInvis .    a - +0 war axe
rCold   . . .      Faith    .    c - +0 buckler
rNeg    . . .      Spirit   .    h - +1 leather armour {rF+}
rPois   .          Reflect  .    g - +0 helmet
rElec   .          Harm     .    p - +0 cloak
rCorr   .          Rampage  .    (no gloves)
Will    .....                    (no boots)
Stlth   +.........               (no amulet)
HPRegen 0.29/turn                (no ring)
MPRegen 0.10/turn                (no ring)

@: glowing
A: no striking features
a: Renounce Religion


You were on level 5 of the Dungeon.
You worshipped the Shining One.
The Shining One was noncommittal.
You visited 2 branches of the dungeon, and saw 6 of its levels.

You collected 217 gold pieces.

Inventory:

Hand Weapons
 a - a +0 war axe (weapon)
Missiles
 e - 32 stones (quivered)
Armour
 b - a +0 scale mail
 c - a +0 buckler (worn)
 g - a +0 helmet (worn)
 h - a +1 leather armour of fire resistance (worn)
 j - a +0 chain mail
 p - a +0 cloak (worn)
Magical Staves
 t - a staff of fire
Wands
 s - a wand of polymorph (11)
Scrolls
 f - 3 scrolls of identify
 i - a scroll of amnesia {unknown}
 l - a scroll of magic mapping {unknown}
 m - 2 scrolls of teleportation {unknown}
 o - a scroll of enchant weapon {unknown}
 q - a scroll of brand weapon {unknown}
 r - 2 scrolls of immolation {unknown}
Potions
 n - a potion of ambrosia
 u - 3 potions of curing


   Skills:
 + Level 4.3 Fighting
 + Level 3.7 Axes
 + Level 0.1 Throwing
 + Level 4.3 Armour
 - Level 3.0 Dodging
 + Level 4.3 Shields
 + Level 0.1 Invocations
 + Level 0.2 Evocations


You had 6 spell levels left.
You didn't know any spells.
Your spell library contained the following spells:

 Spells                   Type           Power      Damage    Failure   Level
 Beastly Appendage        Tmut           0%         N/A       54%         1
 Wereblood                Tmut           0%         N/A       67%         2
 Dazzling Flash           Conj/Hex       0%         N/A       88%         3
 Spider Form              Tmut/Pois      0%         N/A       88%         3
 Iskenderun's Mystic Bla  Conj/Tloc      0%         2d3       99%         4
 Starburst                Conj/Fire      0%         6d3       100%        6


Dungeon Overview and Level Annotations

Branches:
Dungeon (5/15)             Temple (1/1) D:4

Altars:
Ashenzari
Cheibriados
Dithmenos
Elyvilon
Fedhas
Gozag
Hepliaklqana
Kikubaaqudgha
Makhleb
Nemelex Xobeh
Okawaru
Qazlal
Ru
Sif Muna
Trog
Uskayaw
Vehumet
Wu Jian
Xom
Yredelemnul
Zin
The Shining One

Annotations:
D:3 1 runed translucent door, Crazy Yiuf
D:4 exclusion: orc wizard
D:5 Pikel


Message History

The orc closely misses you.
The orc priest hits you with a +2 hand axe of flaming.
Training target 3.0 for Dodging reached!
Your Dodging skill increases to level 3!
You hit the orc priest.
The orc priest is moderately wounded.
You hit the orc.
The orc priest casts a cantrip, but nothing happens.
The orc hits you with a +0 trident.
You slash the orc!
You kill the orc!
You hit the orc priest.
The orc priest calls down the wrath of Beogh upon you.
Beogh smites you!
You are too injured to fight recklessly!
You hit the orc priest but do no damage.
The orc priest is severely wounded.
The orc priest hits you with a +2 hand axe of flaming.
The orc priest barely misses you.
You hit the orc priest.
The orc priest is almost dead.
The orc priest hits you with a +2 hand axe of flaming.
You barely miss the orc priest.
The orc priest is almost dead.
The orc priest invokes the aid of Beogh against you.
Beogh smites you!
* * * LOW HITPOINT WARNING * * *
You hit the orc priest but do no damage.
The orc priest is almost dead.
You block the orc priest's attack. The orc priest barely misses you.
You hit the orc priest but do no damage.
The orc priest is almost dead.
The orc priest hits you with a +2 hand axe of flaming.
* * * LOW HITPOINT WARNING * * *
You barely miss the orc priest.
The orc priest is almost dead.
You block the orc priest's attack.
The orc priest invokes the aid of Beogh against you.
Beogh smites you!
You die...

################
#..<............
.<#
#######.........
.. #......... ..
####.....###. ..
####.)Y........
#####.
#.$.)@##.##.###
#.....
#....o##.# .#
#.....
#.....##.# .#
#....< #.....#
.# #.....
####### ##
#.......
........
...##### .. #


You could see an ice beast and an orc priest.

Vanquished Creatures
  2 ogres (D:4)
  3 lemures (D:4)
  A phantom (D:4)
  A gnoll bouda (D:4)
  An orc wizard (D:5)
  7 gnolls
  6 adders
  An ufetubus (D:4)
  4 dart slugs
  8 orcs
  8 ball pythons
  2 endoplasms
  3 giant cockroaches
  4 goblins
  5 hobgoblins
  9 jackals
  3 quokkas (D:3)
  2 bats
  2 frilled lizards
  5 kobolds
  4 rats
  A butterfly (D:4)
82 creatures vanquished.

Notes
Turn   | Place    | Note
-------+----------+-------------------------------------------
     0 | D:1      | Lobster4 the Human Fighter began the quest for the Orb.
     0 | D:1      | Reached XP level 1. HP: 18/18 MP: 1/1
   214 | D:1      | Reached XP level 2. HP: 24/24 MP: 2/2
   541 | D:2      | Reached XP level 3. HP: 12/29 MP: 3/3
   637 | D:2      | Reached skill level 1 in Dodging
   841 | D:2      | Reached XP level 4. HP: 27/35 MP: 4/4
   984 | D:2      | Found a shimmering altar of Xom.
  1261 | D:3      | Found a broken altar of Ashenzari.
  1351 | D:3      | Reached XP level 5. HP: 15/41 MP: 5/5
  1545 | D:3      | Found a runed translucent door.
  1546 | D:3      | Noticed Crazy Yiuf
  1663 | D:3      | Found a bloodstained altar of Trog.
  1664 | D:3      | Found a shadowy altar of Dithmenos.
  1742 | D:3      | Found a sparkling altar of Nemelex Xobeh.
  2452 | D:4      | Noticed a phantom
  2661 | D:4      | Found a burning altar of Makhleb.
  2675 | D:4      | Noticed an ogre
  2684 | D:4      | Killed an ogre
  2685 | D:4      | Reached XP level 6. HP: 47/48 MP: 6/6
  2702 | D:4      | Found a staircase to the Ecumenical Temple.
  2715 | Temple   | Entered the Ecumenical Temple
  2771 | Temple   | Became a worshipper of the Shining One
  2903 | D:4      | Found a shimmering blue altar of Sif Muna.
  3113 | D:4      | Found a hazy altar of Hepliaklqana.
  3154 | D:4      | Noticed an ogre
  3160 | D:4      | Killed an ogre
  3161 | D:4      | Reached XP level 7. HP: 46/54 MP: 7/7
  3484 | D:5      | Entered Level 5 of the Dungeon
  3484 | D:5      | Noticed Pikel
  3687 | D:5      | Killed from afar by an orc priest

Illustrated notes

Levels and vault maps discovered:
D:1:      lightli_arrival_boilingwater, layout_basic
D:2:      layout_loops_cross, basic_altar
D:3:      layout_loops_corners, mainiacjoe_overflow_24_doors,
          nicolae_overflow_squiral, mainiacjoe_overflow_concentric_impassable,
          uniq_crazy_yiuf_cottage
D:4:      layout_cave_pools, mainiacjoe_overflow_alcove_1,
          lemuel_coloured_pillars_altar, led_sif_book,
          minmay_temple_entry_butterflies
D:5:      layout_rooms, uniq_pikel
Temple:   eino_wide_crystal_templ

Skill      XL: |  1  2  3  4  5  6  7 |
---------------+----------------------+-----
Dodging        | 1 2 3 |  3.0
Axes           | 3 |  3.7
Fighting       | 4 |  4.3
Armour         | 4 |  4.3
Shields        | 4 |  4.3
Throwing       | |  0.1
Invocations    | |  0.1
Evocations     | |  0.2

Action                   |  1- 3 |  4- 6 |  7- 9 || total
-------------------------+-------+-------+-------++-------
Melee: War axe           |    80 |   154 |    64 ||   298
  Use: Scroll            |       |     6 |       ||     6
       Potion            |       |     3 |     1 ||     4
Armor: Leather armour    |    38 |    45 |    21 ||   104
       Scale mail        |     1 |       |       ||     1
Dodge: Dodged            |    54 |    86 |    79 ||   219
Block: Buckler           |    19 |    39 |    27 ||    85

Table legend: (Time is in decaauts)
 A = Elapsed time spent in this place.
 B = Non-inter-level travel time spent in this place.
 C = Inter-level travel time spent in this place.
 D = Time resting spent in this place.
 E = Time spent auto-exploring this place.
 F = Levels seen in this place.
 G = Mean time per level.
                   A        B        C        D        E       F      G
               +--------+--------+--------+--------+--------+-----+--------+
         Total |   3809 |   3589 |    220 |    143 |   2650 |   6 |  634.8 |
       Dungeon |   3734 |   3532 |    202 |    143 |   2617 |   5 |  746.8 |
        Temple |     75 |     57 |     18 |      0 |     33 |   1 |   75.0 |
               +--------+--------+--------+--------+--------+-----+--------+

Top non-repeatable levels by time:
     D:3: 1291 daAuts
     D:4: 1189 daAuts
     D:2: 718 daAuts
     D:1: 488 daAuts
  Temple: 75 daAuts
     D:5: 45 daAuts
